 Dungeon Crawl Stone Soup version 0.28-a0-1292-gb4563b27b3 (webtiles) character file.

Game seed: 9622523515695505189

100 Grim the Magician (level 5, -3/40 HPs)
             Began as a Djinni Conjurer on Dec 27, 2021.
             Killed from afar by a white imp (7 damage)
             ... with a puff of frost
             ... on level 3 of the Dungeon.
             The game lasted 00:05:12 (2848 turns).

Grim the Magician (Djinni Conjurer)                 Turns: 2848, Time: 00:05:12

Health: -3/40      AC:  3    Str:  6    XL:     5   Next: 3%
Gold:   101        EV: 12    Int: 22    God:
                   SH:  0    Dex: 17

rFire   + + .      SeeInvis .   (no weapon)
rCold   x . .      Faith    .   (no shield)
rNeg    + . .      Spirit   .   a - +0 robe
rPois   ∞          Reflect  .   g - +0 helmet
rElec   .          Harm     .   (no cloak)
rCorr   .          Rampage  .   (no gloves)
Will    .....                   (boots unavailable)
Stlth   ++........              (no amulet)
HPRegen 0.13/turn               j - +6 ring of dexterity
MPRegen 0.00/turn               m - ring of positive energy

@: flying
A: sickness immunity, fire resistance 2, cold vulnerability 1, float, innate
caster, hp casting, extra vitality 1
a: no special abilities


You were on level 3 of the Dungeon.
You visited 1 branch of the dungeon, and saw 3 of its levels.

You collected 101 gold pieces.

Inventory:

Missiles
 i - 36 poisoned darts
Armour
 a - a +0 robe (worn)
 g - a +0 helmet (worn)
Jewellery
 j - a +6 ring of dexterity (left hand)
 m - a ring of positive energy (right hand)
Scrolls
 e - 2 scrolls of amnesia {unknown}
 f - a scroll of fog {unknown}
 h - a scroll of holy word {unknown}
 k - a scroll of noise {unknown}
 l - a scroll of identify {unknown}
 n - a scroll of magic mapping {unknown}
 o - a scroll of vulnerability {unknown}
Potions
 b - 2 potions of lignification {unknown}
 c - a potion of haste {unknown}
 d - a potion of flight {unknown}


   Skills:
 + Level 2.8 Fighting
 - Level 2.1 Dodging
 - Level 1.5 Stealth
 + Level 4.0 Spellcasting


You couldn't memorise any spells.
You knew the following spells:

 Your Spells              Type           Power      Damage    Failure   Level
a - Magic Dart            Conj           88%        1d7       1%          1
b - Searing Ray           Conj           44%        2d6       3%          2
c - Dazzling Flash        Conj/Hex       44%        N/A       6%          3
d - Fulminant Prism       Conj/Hex       11%        3d9       21%         4
e - Iskenderun's Mystic   Conj/Tloc      22%        2d6       21%         4
f - Animate Skeleton      Necr           44%        N/A       1%          1
g - Poisonous Vapours     Pois/Air       44%        N/A       3%          2
Your spell library was empty.

Dungeon Overview and Level Annotations

Branches:
Dungeon (3/15)

Altars:


Innate Abilities, Weirdness & Mutations

You are immune to sickness and miasma.
You are immune to poison.
Your flesh is very heat resistant. (rF++)
You are vulnerable to cold. (rC-)
You float through the air rather than walking.
You learn spells naturally, not from books.
Your magical power is your life essence.
You have superior vitality. (+4 MHP)


Message History

The hobgoblin is almost dead.
Casting: Magic Dart (safe; 1% risk of failure)
Confirm with . or Enter, or press ? or * to list all spells.
Aiming: Magic Dart (safe; 1% risk of failure)
Press: ? - help, Shift-Dir - straight line, f/p - hobgoblin
Aim: a hobgoblin (almost dead, 100% to hit)
The magic dart hits the hobgoblin but does no damage.
The hobgoblin is almost dead.
Casting: Magic Dart (safe; 1% risk of failure)
Confirm with . or Enter, or press ? or * to list all spells.
Aiming: Magic Dart (safe; 1% risk of failure)
Press: ? - help, Shift-Dir - straight line, f/p - hobgoblin
Aim: a hobgoblin (almost dead, 100% to hit)
The magic dart hits the hobgoblin.
You kill the hobgoblin!
The white imp gestures at you. The puff of frost hits you!
You feel a terrible chill!
* * * LOW HITPOINT WARNING * * *
Casting: Magic Dart (safe; 1% risk of failure)
Confirm with . or Enter, or press ? or * to list all spells.
Aiming: Searing Ray (safe; 3% risk of failure)
Press: ? - help, Shift-Dir - straight line, f - white imp
Aim: a white imp (78% to hit)
The searing ray hits the white imp.
The white imp is lightly wounded. (Press . to maintain the ray.)
* * * LOW HITPOINT WARNING * * *
The searing ray misses the white imp.
* * * LOW HITPOINT WARNING * * *
Really fire in your jackal skeleton's direction?
Okay, then.
You stop channelling your searing ray.
The white imp hits you.
* * * LOW HITPOINT WARNING * * *
The white imp freezes you!
You feel a terrible chill!
* * * LOW HITPOINT WARNING * * *
Your jackal skeleton bites the white imp but does no damage.
The white imp puffs mist at you. The white imp gestures at you.
The puff of frost hits you!
You feel a terrible chill!
You die...

#........ ##......
...#.#.# .....#.###
##...#...###
#.#..##...####
#.#...###....######
#...#...#......<..#
##..###........@..##
##.. #.#..........#
#.# #+##.###5##...#
### #..##Z.#.#.#
##.......# #
#.Z#####....#
#....#)# #...# ##..#
#Z# #..# #.. #!# ..#


You could see a white imp (ally target) and a friendly jackal skeleton.

Vanquished Creatures
  An adder (D:2)
  3 worms
  3 dart slugs
  An orc (D:3)
  5 ball pythons
  9 endoplasms
  A giant cockroach (D:2)
  5 goblins
  10 hobgoblins
  6 jackals
  4 kobolds
  A quokka (D:1)
  8 bats
  4 frilled lizards
  7 rats
68 creatures vanquished.

Notes
Turn   | Place    | Note
-------+----------+-------------------------------------------
     0 | D:1      | Grim the Djinni Conjurer began the quest for the Orb.
     0 | D:1      | Reached XP level 1. HP: 15/15 MP: 0/0
   322 | D:1      | Reached XP level 2. HP: 20/22 MP: 0/0
   325 | D:1      | Reached skill level 1 in Fighting
  1071 | D:1      | Reached XP level 3. HP: 26/27 MP: 0/0
  1071 | D:1      | Learned a level 1 spell: Animate Skeleton
  2018 | D:2      | Reached XP level 4. HP: 30/33 MP: 0/0
  2643 | D:3      | Reached skill level 4 in Spellcasting
  2834 | D:3      | Reached XP level 5. HP: 35/40 MP: 0/0
  2834 | D:3      | Learned a level 2 spell: Poisonous Vapours
  2848 | D:3      | Killed from afar by a white imp

Illustrated notes

Levels and vault maps discovered:
D:1:      dpeg_arrival_three_smaller_balls, layout_basic, corexii_corridor_pit,
          chequers_decorated_corner
D:2:      layout_basic, eino_tiny_chamber, minmay_joined_circles
D:3:      layout_rooms, hellmonk_ecumenical_altar_slurped_away,
          minmay_misc_feat_chi, minmay_circle_x, uniq_ijyb, uniq_grinder

Skill      XL: |  1  2  3  4 |
---------------+-------------+-----
Fighting       | 1 2 |  2.8
Spellcasting   | 4 |  4.0
Dodging        | |  2.1
Stealth        | |  1.5

Action                   |  1- 3 |  4- 6 || total
-------------------------+-------+-------++-------
 Cast: Magic Dart        |    82 |    54 ||   136
       Searing Ray       |     2 |     3 ||     5
       Animate Skeleton  |       |     1 ||     1
       Poisonous Vapours |       |     1 ||     1
Armor: Robe              |     2 |       ||     2
Dodge: Dodged            |    10 |       ||    10

Table legend: (Time is in decaauts)
 A = Elapsed time spent in this place.
 B = Non-inter-level travel time spent in this place.
 C = Inter-level travel time spent in this place.
 D = Time resting spent in this place.
 E = Time spent auto-exploring this place.
 F = Levels seen in this place.
 G = Mean time per level.
                   A        B        C        D        E       F      G
               +--------+--------+--------+--------+--------+-----+--------+
         Total |   2846 |   2762 |     84 |    790 |   1712 |   3 |  948.7 |
       Dungeon |   2846 |   2762 |     84 |    790 |   1712 |   3 |  948.7 |
               +--------+--------+--------+--------+--------+-----+--------+

Top non-repeatable levels by time:
     D:1: 1486 daAuts
     D:2: 1141 daAuts
     D:3: 218 daAuts
